 Dungeon Crawl Stone Soup version 0.26-a0-651-gb41185065b (webtiles) character file.

Game seed: 1031036990575867719

15743 nicanaca0 the Basher (level 12, -7/80 HPs)
             Began as a Gargoyle Berserker on Oct 22, 2020.
             Was a High Priest of Trog.
             Mangled by Snorg (11 damage)
             ... on level 12 of the Dungeon.
             The game lasted 00:21:08 (12018 turns).

nicanaca0 the Basher (Gargoyle Berserker)          Turns: 12018, Time: 00:21:09

Health: -7/80      AC: 28    Str: 24    XL:     12   Next: 30%
Magic:  0/12       EV:  8    Int: 17    God:    Trog [*****.]
Gold:   854        SH:  0    Dex: 11    Spells: 11/11 levels left

rFire    . . .     SeeInvis .   C - +7 hand axe "Lovef" {flame, rElec Int+7 Dex+2}
rCold    . . .     Faith    .   (no shield)
rNeg     + . .     Spirit   +   S - +0 plate armour
rPois    ∞         Reflect  .   b - +1 helmet
rElec    +         Harm     .   (no cloak)
rCorr    .         Rampage  .   r - +1 pair of gloves
MR       .....                  (no boots)
Stlth    ..........             M - amulet of guardian spirit
HPRegen  0.23/turn              (no ring)
MPRegen  0.13/turn              p - +4 ring of slaying

@: no status effects
A: negative energy resistance 1, electricity resistance, unbreathing,
petrification resistance, rot immunity, AC +8
a: Berserk, Trog's Hand, Brothers in Arms, Renounce Religion


You were on level 12 of the Dungeon.
You worshipped Trog.
Trog was extremely pleased with you.
You visited 1 branch of the dungeon, and saw 12 of its levels.
You also visited: Sewer and Ossuary.

You collected 914 gold pieces.
You spent 60 gold pieces at shops.

Inventory:

Hand Weapons
 x - a +4 whip
 C - the +7 hand axe "Lovef" (weapon) {flame, rElec Int+7 Dex+2}
   (You took it off an orc on level 5 of the Dungeon)

   It has been specially enchanted to burn those struck by it, causing extra
   injury to most foes and up to half again as much damage against particularly
   susceptible opponents.
   Big, fiery blades are also staple armaments of hydra-hunters.
   It affects your intelligence (+7).
   It affects your dexterity (+2).
   It insulates you from electricity.
 O - a +0 war axe of pain
 P - a +0 morningstar of draining
 Q - a +0 vorpal dire flail
Missiles
 a - 12 curare-tipped darts
 d - a throwing net
 j - 6 boomerangs of dispersal
 q - 50 poisoned darts (quivered)
Armour
 b - a +1 helmet (worn)
 r - a +1 pair of gloves (worn)
 z - a +0 chain mail of cold resistance
 A - a +1 scale mail
 D - a +0 leather armour of fire resistance
 N - the cursed +0 ring mail "Misococu" {rC++ Dex+2}
   (You found it on level 10 of the Dungeon)

   It affects your dexterity (+2).
   It greatly protects you from cold.
   It has a curse placed upon it.
 S - a +0 plate armour (worn)
Jewellery
 p - a +4 ring of slaying (right hand)
 G - an uncursed ring of positive energy
 M - an amulet of guardian spirit (around neck)
Wands
 n - a wand of flame (21)
 y - a wand of iceblast (5)
 B - a wand of acid (8)
 I - a wand of paralysis (7)
Scrolls
 f - 5 scrolls of enchant weapon
 i - a scroll of magic mapping
 k - a scroll of fog
 l - 9 scrolls of teleportation
 m - 8 scrolls of enchant armour
 t - a scroll of identify
 w - 2 scrolls of fear
 E - 2 scrolls of blinking
 K - 5 scrolls of remove curse
Potions
 c - 2 potions of invisibility
 e - 5 potions of degeneration
 g - 8 potions of flight
 h - 8 potions of heal wounds
 o - 10 potions of curing
 s - 3 potions of haste {unknown}
 u - 3 potions of magic {unknown}
 v - a potion of lignification
 F - 3 potions of mutation
 H - a potion of cancellation {unknown}
 J - a potion of stabbing
 L - a potion of might {unknown}
 R - a potion of ambrosia {unknown}


   Skills:
 + Level 11.2 Fighting
 * Level 13.8 Maces & Flails
 + Level 10.9 Armour
 - Level 1.5 Dodging


You had 11 spell levels left.
You didn't know any spells.
Your spell library was empty.

Dungeon Overview and Level Annotations

Branches:
Dungeon (12/15)            Temple (0/1) D:4            Lair (0/6) D:9
    Orc (0/2) D:11          Sewer (visited)         Ossuary (visited)

Altars:
Ashenzari
Elyvilon
Fedhas
Hepliaklqana
Makhleb
Okawaru
Ru
Sif Muna
Trog
Uskayaw
Vehumet
Wu Jian
Xom
Yredelemnul
Zin
The Shining One

Shops:
D:7 !   D:8 =

Annotations:
D:12 Snorg


Innate Abilities, Weirdness & Mutations

You are resistant to torment.
Your stone body is resilient. (AC +8)
You are immune to poison.
You resist negative energy. (rN+)
You are resistant to electric shocks. (rElec)
You can survive without breathing.
You are immune to petrification.
You are immune to rotting.


Message History

Snorg is severely wounded.
Snorg closely misses you. Snorg barely misses you.
Snorg claws you but does no damage. Snorg completely misses you.
Snorg claws you but does no damage. x2
You closely miss Snorg.
Snorg is severely wounded.
Snorg barely misses you. Snorg claws you but does no damage.
Snorg closely misses you.
You slash Snorg! You burn Snorg.
Snorg is almost dead.
Snorg bites you but does no damage. Snorg claws you!
* * * LOW HITPOINT WARNING * * *
Snorg claws you!
* * * LOW HITPOINT WARNING * * *
You slash Snorg! You burn Snorg.
Snorg is almost dead.
Snorg bites you!
* * * LOW HITPOINT WARNING * * *
Snorg claws you but does no damage. Snorg claws you!
You die...

####### #######
.$..... ......
....... ....#
....... ....#
.......##....##.
(((.(.T@).......
.###..##'###....
#. #....# . #
#.<..# ###'##
######..####+#
#.............
#.............
#>............


You could see Snorg (berserk, poisoned).

Vanquished Creatures
  Erolcha (D:10)
  A hydra (D:12)
  Harold (D:11)
  2 two-headed ogres
  An ogre mage (D:10)
  A deep elf mage (D:12)
  A manticore (D:10)
  A gargoyle (D:11)
  A troll (D:11)
  A hornet (D:11)
  The ghost of Azzok the Digger, an amateur DsEE (D:4)
  3 hippogriffs
  11 yaks (D:9)
  A wyvern (D:10)
  Grum (D:11)
  The ghost of ma3 the Chopper, an amateur GrFi (D:4)
  4 porcupines (D:9)
  A black bear (D:8)
  An eye of draining (D:9)
  7 orc warriors
  5 sky beasts
  2 ice beasts
  2 phantoms
  The ghost of p0werm0de the Skirmisher, an amateur DsFi (D:4)
  7 ogres
  4 wolves (D:11)
  4 centaurs
  4 crocodiles
  3 big kobolds
  9 bullfrogs
  A wyvern zombie (D:10)
  A water moccasin zombie (Ossuary)
  6 scorpions
  6 howler monkeys
  9 bullfrog zombies
  A quasit (D:7)
  3 centaur zombies
  5 hounds
  10 orc priests
  2 gnoll shamans
  2 jellies
  2 centaur skeletons
  10 orc wizards
  A bullfrog skeleton (D:5)
  5 iguanas
  10 worker ants
  A killer bee zombie (Ossuary)
  7 hound zombies
  A hound skeleton (D:8)
  9 mummies (Ossuary)
  7 worker ant zombies
  A howler monkey zombie (D:11)
  A howler monkey skeleton (D:5)
  12 adders
  9 gnolls
  A river rat (Sewer)
  A shadow imp (D:5)
  5 white imps
  4 oozes
  2 adder zombies (Ossuary)
  2 adder skeletons
  4 worms
  2 dart slugs (D:2)
  7 leopard geckos
  55 orcs
  9 ball pythons
  12 giant cockroaches
  5 hobgoblins
  9 jackals
  A quokka (D:7)
  5 bats
  4 frilled lizards
  7 goblins
  2 goblin zombies (D:7)
  2 jackal zombies (Ossuary)
  22 kobolds
  2 leopard gecko skeletons (D:4)
  A leopard gecko zombie (Ossuary)
  2 quokka zombies
  12 rats
383 creatures vanquished.

Vanquished Creatures (others)
  A quokka (D:7)
  5 fungi (D:9)
  56 plants
  2 withered plants (Ossuary)
64 creatures vanquished.

Grand Total: 447 creatures vanquished

Notes
Turn   | Place    | Note
-------+----------+-------------------------------------------
     0 | D:1      | nicanaca0 the Gargoyle Berserker began the quest for the
                  | Orb.
     0 | D:1      | Reached XP level 1. HP: 14/14 MP: 1/1
   198 | D:1      | Reached XP level 2. HP: 8/19 MP: 2/2
   711 | D:1      | Reached skill level 4 in Maces & Flails
   794 | D:2      | Reached ** piety under Trog
   794 | D:2      | Reached XP level 3. HP: 23/23 MP: 3/3
   810 | D:2      | Found a faded altar of an unknown god.
  1094 | D:2      | Reached XP level 4. HP: 26/28 MP: 4/4
  1399 | D:2      | Reached skill level 5 in Maces & Flails
  1888 | D:3      | Found a glowing drain.
  1907 | Sewer    | Entered a sewer
  2202 | Sewer    | Noticed a big kobold
  2220 | Sewer    | Killed a big kobold
  2220 | Sewer    | Reached skill level 6 in Maces & Flails
  2220 | Sewer    | Reached XP level 5. HP: 16/32 MP: 5/5
  2685 | Sewer    | Reached *** piety under Trog
  2929 | D:3      | Reached XP level 6. HP: 36/37 MP: 6/6
  4199 | D:4      | Found a staircase to the Ecumenical Temple.
  4216 | D:4      | Found a runed translucent gate.
  4217 | D:4      | Found a runed translucent gate.
  4217 | D:4      | Found a runed translucent gate.
  4219 | D:4      | Noticed ma3's ghost (amateur GrFi)
  4219 | D:4      | Noticed p0werm0de's ghost (amateur DsFi)
  4219 | D:4      | Noticed Azzok's ghost (amateur DsEE)
  4234 | D:4      | Killed p0werm0de's ghost
  4242 | D:4      | Killed Azzok's ghost
  4242 | D:4      | Reached skill level 7 in Maces & Flails
  4242 | D:4      | Reached XP level 7. HP: 43/43 MP: 7/7
  4249 | D:4      | Killed ma3's ghost
  4522 | D:4      | Reached XP level 8. HP: 36/48 MP: 8/8
  4742 | D:4      | Found a bloodstained altar of Trog.
  4749 | D:4      | Found an iron altar of Okawaru.
  4750 | D:4      | Found a broken altar of Ashenzari.
  4751 | D:4      | Found a shimmering blue altar of Sif Muna.
  4755 | D:4      | Found an ornate altar of the Wu Jian Council.
  4761 | D:4      | Found a hide-covered altar of Uskayaw.
  4762 | D:4      | Found a burning altar of Makhleb.
  4981 | D:5      | Entered Level 5 of the Dungeon
  4989 | D:5      | Reached skill level 5 in Fighting
  4989 | D:5      | Reached skill level 8 in Maces & Flails
  5231 | D:5      | Identified the +7 hand axe "Lovef" {flame, rElec Int+7
                  | Dex+2}
  5374 | D:5      | Identified the cursed +1 dagger of Disgust {flame, rElec
                  | rC++ Str-3 Int+4}
  5432 | D:5      | Reached skill level 5 in Armour
  5468 | D:5      | Reached skill level 9 in Maces & Flails
  5602 | D:5      | Reached **** piety under Trog
  5955 | D:6      | Reached XP level 9. HP: 52/55 MP: 9/9
  6112 | D:6      | Found a sacrificial altar of Ru.
  6114 | D:6      | Found a hide-covered altar of Uskayaw.
  6114 | D:6      | Found a snail-covered altar of Cheibriados.
  6116 | D:6      | Found a shimmering altar of Xom.
  6116 | D:6      | Found a bloodstained altar of Trog.
  6116 | D:6      | Found a radiant altar of Vehumet.
  6752 | D:7      | Found a sand-covered staircase.
  6760 | Ossuary  | Entered an ossuary
  6826 | Ossuary  | Reached skill level 10 in Maces & Flails
  6932 | Ossuary  | Reached ***** piety under Trog
  7253 | D:7      | Received a gift from Trog
  7303 | D:7      | Found a hazy altar of Hepliaklqana.
  7378 | D:7      | Reached XP level 10. HP: 64/64 MP: 10/10
  7577 | D:7      | Found a white marble altar of Elyvilon.
  7629 | D:7      | Found Xaufush's Distillery.
  7633 | D:7      | Bought a potion of degeneration for 10 gold pieces
  7633 | D:7      | Bought a potion of heal wounds for 50 gold pieces
  7998 | D:8      | Reached skill level 11 in Maces & Flails
  8015 | D:8      | Found a radiant altar of Vehumet.
  8268 | D:8      | Found Hiemogge's Jewellery Shop.
  8680 | D:9      | Noticed a two-headed ogre
  8694 | D:9      | Killed a two-headed ogre
  8831 | D:9      | Found a staircase to the Lair.
  8856 | D:9      | Reached skill level 12 in Maces & Flails
  9002 | D:9      | Reached XP level 11. HP: 57/71 MP: 7/11
  9262 | D:9      | Found a glowing golden altar of the Shining One.
  9262 | D:9      | Found a blossoming altar of Fedhas.
  9356 | D:9      | Found a basalt altar of Yredelemnul.
  9716 | D:10     | Entered Level 10 of the Dungeon
  9749 | D:10     | Noticed an ogre mage
  9749 | D:10     | Noticed a manticore
  9761 | D:10     | Killed a manticore
  9775 | D:10     | Killed an ogre mage
  9785 | D:10     | Got a glimmering ring mail
  9861 | D:10     | Found a glowing silver altar of Zin.
  9869 | D:10     | Noticed Erolcha
  9876 | D:10     | Killed Erolcha
  9876 | D:10     | Reached skill level 10 in Fighting
  9994 | D:10     | Noticed a two-headed ogre
 10003 | D:10     | Killed a two-headed ogre
 10003 | D:10     | Reached skill level 13 in Maces & Flails
 10003 | D:10     | Reached skill level 10 in Armour
 10018 | D:10     | Identified the cursed +0 ring mail "Misococu" {rC++ Dex+2}
                  | (You found it on level 10 of the Dungeon)
 10350 | D:10     | Received a gift from Trog
 10653 | D:11     | Found a staircase to the Orcish Mines.
 10707 | D:11     | Noticed Grum
 10731 | D:11     | Killed Grum
 10887 | D:11     | Reached XP level 12. HP: 46/79 MP: 7/12
 11553 | D:11     | Noticed Harold
 11567 | D:11     | Killed Harold
 11901 | D:12     | Noticed a seven-headed hydra
 11907 | D:12     | Killed a three-headed hydra
 12001 | D:12     | Noticed Snorg
 12018 | D:12     | HP: 4/80 [Snorg (9)]
 12018 | D:12     | Mangled by Snorg

Illustrated notes

Levels and vault maps discovered:
D:1:      dpeg_arrival_tiny_c, layout_rooms
D:2:      layout_basic, chequers_ecumenical_altar_island
D:3:      layout_basic, portal_sewer_entry_f
D:4:      layout_loops_ring, minitemple, minmay_temple_entry_hall,
          gammafunk_ghost_cemetery, kennysheep_generic_room_16
D:5:      layout_rooms
D:6:      layout_basic, doesnt_xom_only_xom, kennysheep_boxes
D:7:      layout_basic, old_standard_altar, elyvilon_altar_4, enter_ossuary_4,
          serial_shops, shop, nrook_mini_backslash, zaba_anthole, nrook_campfire
D:8:      layout_gridville, kennysheep_mini, serial_shops, shop
D:9:      layout_small_grid, grunt_temple_overflow_open,
          minmay_lair_entry_grove, basic_altar
D:10:     layout_roguey, basic_altar, minmay_radiant, uniq_erolcha
D:11:     layout_irregular_city, hiddenorc2_lemuel, uniq_harold, uniq_grum
D:12:     layout_stronghold, uniq_snorg

Skill      XL: |  1  2  3  4  5  6  7  8  9 10 11 12 |
---------------+-------------------------------------+-----
Maces & Flails | 4 6 7 9 10 12 13 | 13.8
Armour         | 3 4 5 7 8 10 | 10.9
Fighting       | 4 6 7 9 10 11 | 11.2
Dodging        | |  1.5

Action                   |  1- 3 |  4- 6 |  7- 9 | 10-12 || total
-------------------------+-------+-------+-------+-------++-------
Melee: Mace              |   104 |   213 |       |       ||   317
       Whip              |       |    38 |    79 |       ||   117
       Hand axe          |       |       |   251 |   353 ||   604
       Dire flail        |       |       |       |    91 ||    91
       Morningstar       |       |       |       |    51 ||    51
Throw: Dart              |       |       |       |     5 ||     5
Invok: Berserk           |       |     3 |       |       ||     3
       Trog's Hand       |       |     1 |       |     7 ||     8
  Use: Scroll            |       |     6 |     4 |    13 ||    23
 Stab: Sleeping          |       |     1 |       |       ||     1
Armor: Animal skin       |    57 |    77 |       |       ||   134
       Scale mail        |       |    11 |   174 |   221 ||   406
       Plate armour      |       |       |       |    51 ||    51
Dodge: Dodged            |   107 |   160 |   132 |   249 ||   648

Table legend: (Time is in decaauts)
 A = Elapsed time spent in this place.
 B = Non-inter-level travel time spent in this place.
 C = Inter-level travel time spent in this place.
 D = Time resting spent in this place.
 E = Time spent auto-exploring this place.
 F = Levels seen in this place.
 G = Mean time per level.
                   A        B        C        D        E       F      G
               +--------+--------+--------+--------+--------+-----+--------+
         Total |  12090 |  11620 |    470 |    923 |   8206 |  14 |  863.6 |
       Dungeon |  10692 |  10222 |    470 |    579 |   7612 |  12 |  891.0 |
         Sewer |    982 |    982 |      0 |    344 |    394 |   1 |  982.0 |
       Ossuary |    415 |    415 |      0 |      0 |    199 |   1 |  415.0 |
               +--------+--------+--------+--------+--------+-----+--------+

Top non-repeatable levels by time:
    D:11: 1255 daAuts
     D:3: 1166 daAuts
     D:2: 1111 daAuts
     D:4: 1061 daAuts
     D:9: 1046 daAuts
   Sewer: 982 daAuts
     D:6: 901 daAuts
    D:10: 871 daAuts
     D:5: 824 daAuts
     D:7: 799 daAuts
     D:1: 793 daAuts
     D:8: 743 daAuts
 Ossuary: 415 daAuts
    D:12: 116 daAuts
